 Dungeon Crawl Stone Soup version 0.30-a0-782-ge64f9170bb (webtiles) character file.

Game seed: 1019452139070509456

110 vineage the Trooper (level 4, 0/30 HPs)
             Began as a Gargoyle Fighter on Mar 9, 2023.
             Killed by divine providence
             ... invoked by an orc priest
              (15 damage)
             ... on level 3 of the Dungeon.
             The game lasted 00:01:55 (2036 turns).

vineage the Trooper (Gargoyle Fighter)              Turns: 2036, Time: 00:01:55

Health: 0/30       AC: 13    Str: 26    XL:     4   Next: 91%
Magic:  4/4        EV:  9    Int: 11    God:
Gold:   44         SH:  4    Dex:  9    Spells: 3/3 levels left

rFire   . . .      SeeInvis .    a - +1 flail
rCold   . . .      Faith    .    c - +0 buckler
rNeg    + . .      Spirit   .    b - +0 scale mail
rPois   ∞          Reflect  .    (no helmet)
rElec   +          Harm     +    (no cloak)
rCorr   .          Rampage  .    e - +2 pair of gloves of the Harvest {Harm Str+5 Int+2}
Will    .....                    (no boots) Stlth
                                 (no amulet)
HPRegen 0.25/turn                (no ring)
MPRegen 0.09/turn                (no ring)

@: no status effects
A: sickness immunity, AC +3, negative energy resistance 1, electricity
resistance, torment resistance 1, petrification resistance
a: no special abilities


You were on level 3 of the Dungeon.
You visited 1 branch of the dungeon, and saw 3 of its levels.

You collected 44 gold pieces.

Inventory:

Hand Weapons
 a - a +1 flail (weapon)
Armour
 b - a +0 scale mail (worn)
 c - a +0 buckler (worn)
 e - the +2 pair of gloves of the Harvest (worn) {Harm Str+5 Int+2}
   (You acquired it on level 2 of the Dungeon)

   Str:       It affects your strength (+5).
   Int:       It affects your intelligence (+2).
   Harm:      It increases damage dealt and taken.
Jewellery
 q - a +6 ring of intelligence
Wands
 r - a wand of digging (5)
Potions
 d - 2 potions of might
 f - 2 potions of berserk rage
 g - a potion of resistance {unknown}
 h - a potion of lignification
 n - a potion of invisibility
 o - a potion of degeneration {unknown}
 p - a potion of haste {unknown}


   Skills:
 * Level 4.5 Fighting
 + Level 2.7 Maces & Flails
 + Level 4.0 Armour
 + Level 3.9 Shields


You had 3 spell levels left.
You didn't know any spells.
Your spell library contained the following spells:

 Spells                   Type           Power      Damage    Failure   Level
 Beastly Appendage        Tmut           0%         N/A       71%         1
 Kiss of Death            Conj/Necr      0%         2d5       71%         1
 Wereblood                Tmut           0%         N/A       83%         2
 Spider Form              Tmut/Pois      0%         N/A       97%         3


Dungeon Overview and Level Annotations

Branches:
Dungeon (3/15)

Altars:

Shops:
D:1 ?

Annotations:
D:3 Ijyb


Innate Abilities, Weirdness & Mutations

You are immune to sickness and miasma.
Your stone body is resilient. (AC +3)
You are immune to poison.
You resist negative energy. (rN+)
You are resistant to electric shocks. (rElec)
You are resistant to unholy torment.
You are immune to petrification.


Message History

The orc priest is severely wounded.
The orc barely misses you. You block the orc priest's attack.
The orc hits you but does no damage.
You barely miss the orc priest.
The orc priest is severely wounded.
The orc hits you but does no damage.
The orc priest looks braver for a moment.
The orc barely misses you.
You hit the orc priest.
The orc priest is almost dead.
You block the orc's attack. The orc priest closely misses you.
The orc closely misses you. The orc barely misses you.
The orc priest closely misses you. The orc hits you but does no damage.
You barely miss the orc priest.
The orc priest is almost dead.
The orc hits you with a +0 hand axe. You block the orc priest's attack.
You block the orc's attack.
You are too injured to fight recklessly!
You are too injured to fight recklessly!
You are too injured to fight recklessly!
You are too injured to fight recklessly!
You are too injured to fight recklessly!
You are too injured to fight recklessly!
You are too injured to fight recklessly!
You are too injured to fight recklessly!
You are too injured to fight recklessly!
You are too injured to fight recklessly!
You are too injured to fight recklessly!
There is an open door here.
You hit the orc.
You kill the orc!
The orc hits you but does no damage.
You closely miss the orc priest.
The orc priest is almost dead.
The orc priest looks braver for a moment.
You block the orc's attack. The orc hits you but does no damage.
The orc priest calls down the wrath of Beogh upon you.
Beogh smites you!
Ouch! That really hurt!
You die...

#.........# ####
######.#### # ## #.# # ..
##'## #. ##...## #.
##.....## ### #. #.
##.(.....## ##.#
##...#.##.........####...
#.....go@.........'...†..
......o##.........####...
###..## ##.......## ##.#
## ##.....## ### ##...##
....## ##..# #..#


You could see Ijyb, an orc priest and an orc.

Vanquished Creatures
  A gnoll (D:1)
  5 adders
  2 worms (D:2)
  3 orcs
  5 ball pythons
  6 bats
  3 endoplasms (D:2)
  3 giant cockroaches (D:1)
  4 goblins (D:1)
  4 hobgoblins
  3 quokkas
  3 frilled lizards (D:1)
  A kobold (D:1)
  4 rats
47 creatures vanquished.

Notes
Turn   | Place    | Note
-------+----------+-------------------------------------------
     0 | D:1      | vineage the Gargoyle Fighter began the quest for the Orb.
     0 | D:1      | Reached XP level 1. HP: 14/14 MP: 1/1
   205 | D:1      | Found a faded altar of an unknown god.
   218 | D:1      | Got Plato's Tome of Bolts
   333 | D:1      | Reached XP level 2. HP: 19/19 MP: 2/2
   381 | D:1      | Found Myaden's Magic Scroll Shoppe.
   458 | D:1      | Reached XP level 3. HP: 4/24 MP: 3/3
  1337 | D:2      | Reached XP level 4. HP: 29/29 MP: 4/4
  1888 | D:2      | Identified a scroll of acquirement
  1888 | D:2      | Acquired the +2 pair of gloves of the Harvest {Harm Str+5
                  | Int+2}
  2026 | D:3      | Noticed Ijyb
  2036 | D:3      | Killed from afar by an orc priest

Illustrated notes

Levels and vault maps discovered:
D:1:      lemuel_arrival_room, layout_basic, serial_shops,
          nicolae_shop_hallway_plus, shapermc_ecumenical_altar_rom_forum
D:2:      layout_loops_ring, minmay_misc_feat_iff, minmay_misc_feat_five,
          patterned_corridor
D:3:      layout_loops_corners, minmay_misc_feat_diagonals, uniq_jessica,
          uniq_terence, uniq_ijyb

Skill      XL: |  1  2  3  4 |
---------------+-------------+-----
Fighting       | 4 |  4.5
Armour         | 4 |  4.0
Maces & Flails | |  2.7
Shields        | |  3.9

Action                     |  1- 3 |  4- 6 || total
---------------------------+-------+-------++-------
  Melee: Flail             |   129 |    53 ||   182
    Use: Scroll            |       |    12 ||    12
 Armour: Scale mail        |   100 |    33 ||   133
  Dodge: Dodged            |    57 |    32 ||    89
  Block: Buckler           |    34 |    15 ||    49

Table legend: (Time is in decaauts)
 A = Elapsed time spent in this place.
 B = Non-inter-level travel time spent in this place.
 C = Inter-level travel time spent in this place.
 D = Time resting spent in this place.
 E = Time spent auto-exploring this place.
 F = Levels seen in this place.
 G = Mean time per level.
                   A        B        C        D        E       F      G
               +--------+--------+--------+--------+--------+-----+--------+
         Total |   2093 |   2036 |     57 |      0 |   1643 |   3 |  697.7 |
       Dungeon |   2093 |   2036 |     57 |      0 |   1643 |   3 |  697.7 |
               +--------+--------+--------+--------+--------+-----+--------+

Top non-repeatable levels by time:
     D:1: 1036 daAuts
     D:2: 941 daAuts
     D:3: 115 daAuts
